 Dungeon Crawl Stone Soup version 0.27-a0-1202-ge72e49191c (webtiles) character file.

Game seed: 1812105008846297205

506 27snakeeyes612 the Chopper (level 7, -17/63 HPs)
             Began as a Naga Fighter on June 4, 2021.
             Demolished by an ogre
             ... wielding a +0 giant spiked club
              (23 damage)
             ... on level 5 of the Dungeon.
             The game lasted 00:02:11 (4810 turns).

27snakeeyes612 the Chopper (Naga Fighter)           Turns: 4810, Time: 00:02:12

Health: -17/63     AC: 10    Str: 20    XL:     7   Next: 18%
Magic:  7/7        EV:  2    Int:  9    God:
Gold:   253        SH:  9    Dex: 10    Spells: 6/6 levels left

rFire    . . .     SeeInvis +   a - +0 war axe
rCold    . . .     Faith    .   c - +0 kite shield
rNeg     . . .     Spirit   .   q - +0 plate armour
rPois    +         Reflect  .   (no helmet)
rElec    .         Harm     .   (no cloak)
rCorr    .         Rampage  .   u - +0 pair of gloves
Will     .....                  (no barding)
Stlth    ..........             (no amulet)
HPRegen  0.20/turn              (no ring)
MPRegen  0.10/turn              (no ring)

@: very slow
A: AC +2, large, see invisible, deformed body, poison resistance, slowness 2,
spit poison 1, naga tail 1
a: Spit Poison


You were on level 5 of the Dungeon.
You visited 1 branch of the dungeon, and saw 5 of its levels.

You collected 253 gold pieces.

Inventory:

Hand Weapons
 a - a +0 war axe (weapon)
Missiles
 e - 3 atropa-tipped darts
Armour
 b - a +0 scale mail
 c - a +0 kite shield (worn)
 q - a +0 plate armour (worn)
 u - a +0 pair of gloves (worn)
Jewellery
 i - a ring of flight
 l - a ring of fire
Wands
 p - a wand of polymorph (9)
Scrolls
 f - a scroll of identify {unknown}
 k - a scroll of magic mapping {unknown}
 s - a scroll of immolation {unknown}
 t - a scroll of blinking {unknown}
Potions
 g - a potion of heal wounds {unknown}
 h - a potion of magic {unknown}
 j - a potion of ambrosia {unknown}
 m - 2 potions of curing {unknown}
 n - 2 potions of brilliance {unknown}
 o - a potion of invisibility {unknown}
 r - a potion of attraction {unknown}
 v - a potion of haste {unknown}


   Skills:
 + Level 3.9 Fighting
 + Level 4.7 Axes
 + Level 4.0 Armour
 + Level 0.7 Dodging
 + Level 1.0 Stealth
 + Level 3.5 Shields


You had 6 spell levels left.
You didn't know any spells.
Your spell library contained the following spells:

 Spells                   Type           Power      Damage    Failure   Level
 Animate Skeleton         Necr           0%         N/A       100%        1
 Apportation              Tloc           0%         N/A       100%        1
 Corona                   Hex            0%         N/A       100%        1
 Magic Dart               Conj           0%         1d3       100%        1
 Shock                    Conj/Air       0%         1d3       100%        1
 Summon Small Mammal      Summ           0%         N/A       100%        1
 Blink                    Tloc           N/A        N/A       100%        2
 Call Imp                 Summ           0%         N/A       100%        2
 Slow                     Hex            0%         N/A       100%        2
 Static Discharge         Conj/Air       0%         N/A       100%        2
 Conjure Flame            Conj/Fire      0%         6-21      100%        3
 Mephitic Cloud           Conj/Pois/Air  0%         N/A       100%        3
 Swiftness                Air            0%         N/A       100%        3
 Airstrike                Air            0%         N/A       100%        4
 Lightning Bolt           Conj/Air       0%         1d11      100%        5


Dungeon Overview and Level Annotations

Branches:
Dungeon (5/15)
 Temple: D:4-7

Altars:
Hepliaklqana
Zin


Innate Abilities, Weirdness & Mutations

Your serpentine skin is tough. (AC +2)
You have supernaturally acute eyesight. (SInv)
Armour fits poorly on your strangely shaped body.
Your system is resistant to poisons. (rPois)
You cover ground very slowly.
You can spit poison.
You have a snake-like lower body.


Message History

No target in view!
No target in view!
No target in view!
You now have 253 gold pieces (gained 13).
An ogre comes into view. It is wielding a +0 giant spiked club.
The ogre shouts!
A hound comes into view.
There are monsters nearby!
There are monsters nearby!
The hound barks!
Abil: Spit Poison
Press: ? - help, Q - select action, (/) - cycle Shift-Dir - straight line, f - ogre
Aim: an ogre, wielding a +0 giant spiked club The splash of poison hits the ogre!
The ogre is poisoned.
The ogre is heavily wounded.
Unknown command.
The hound bites you.
The ogre hits you with a +0 giant spiked club!
The hound bites you.
You closely miss the hound. You closely miss the ogre.
You have got your breath back.
The hound bites you.
The ogre hits you with a +0 giant spiked club!!
The hound bites you.
You hit the ogre but do no damage.
The ogre is severely wounded.
You slash the hound! You block the hound's attack. You block the ogre's attack.
The hound bites you but does no damage.
You barely miss the ogre.
The ogre is severely wounded.
You barely miss the hound.
The ogre looks more healthy.
You block the hound's attack.
The ogre hits you with a +0 giant spiked club!!
* * * LOW HITPOINT WARNING * * *
The hound bites you but does no damage.
You barely miss the ogre.
The ogre is almost dead.
You barely miss the hound. The hound bites you but does no damage.
The ogre hits you with a +0 giant spiked club!!
You die...

######### #.......#
####.#####.#..
#....#####.#...
#..........#... .
##.....#####...
....#######.............
......h@......>....###..
###...O###..............
#....#######......##...
####. .................
###########.........
#...........(.......
#.#######........###
#..## #####....[. ##..#
.###...


You could see an ogre and a hound.

Vanquished Creatures
  Sigmund (D:2)
  An ogre (D:5)
  A scorpion (D:4)
  Terence (D:2)
  2 iguanas
  7 adders
  An ufetubus (D:4)
  2 worms
  3 dart slugs (D:2)
  3 orcs (D:3)
  3 bats
  6 endoplasms
  8 goblins
  5 hobgoblins
  2 jackals (D:2)
  A kobold (D:1)
  2 quokkas (D:1)
  4 ball pythons
  7 frilled lizards
  A quokka skeleton (D:4)
  5 rats
66 creatures vanquished.

Notes
Turn   | Place    | Note
-------+----------+-------------------------------------------
     0 | D:1      | 27snakeeyes612 the Naga Fighter began the quest for the
                  | Orb.
     0 | D:1      | Reached XP level 1. HP: 21/21 MP: 1/1
   248 | D:1      | Reached XP level 2. HP: 28/28 MP: 2/2
   885 | D:1      | Reached XP level 3. HP: 30/34 MP: 3/3
  1230 | D:2      | Found a hazy altar of Hepliaklqana.
  1528 | D:2      | Noticed Terence
  1532 | D:2      | Killed Terence
  1533 | D:2      | Reached XP level 4. HP: 25/42 MP: 4/4
  1780 | D:2      | Noticed Sigmund
  1786 | D:2      | Killed Sigmund
  1787 | D:2      | Reached XP level 5. HP: 45/50 MP: 5/5
  1787 | D:2      | Reached XP level 6. HP: 51/57 MP: 6/6
  2336 | D:3      | Found a faded altar of an unknown god.
  2355 | D:3      | Found a glowing silver altar of Zin.
  4312 | D:5      | Entered Level 5 of the Dungeon
  4322 | D:5      | Reached XP level 7. HP: 14/63 MP: 7/7
  4639 | D:5      | Reached skill level 1 in Stealth
  4810 | D:5      | Demolished by an ogre

Illustrated notes

Levels and vault maps discovered:
D:1:      ebering_trefoil_twist, layout_rooms
D:2:      layout_basic, basic_altar, uniq_terence, uniq_sigmund
D:3:      layout_loops_cross, nicolae_overflow_crystal_walls,
          basic_ecumenical_altar, chequers_serial_rivers_micro_c
D:4:      layout_basic
D:5:      layout_rooms, serial_co_window_serial, co_window_corner_a,
          co_window_of_opportunity_a, co_window_corner_a, co_window_paths_a,
          co_window_paths_b, co_window_paths_a, co_window_paths_b,
          co_window_broadway_b, co_window_corner_b, co_window_broadway_c,
          co_window_of_opportunity_b, co_window_paths_c, co_window_broadway_b,
          glass_columns_a, glass_columns_b, glass_columns_c, glass_columns_a,
          glass_columns_c, st_stairs_14, uniq_grinder

Skill      XL: |  1  2  3  4  5  6  7 |
---------------+----------------------+-----
Armour         | 3 4 |  4.0
Axes           | 3 4 |  4.7
Shields        | 3 |  3.5
Stealth        | 1 |  1.0
Fighting       | |  3.9
Dodging        | |  0.7

Action                   |  1- 3 |  4- 6 |  7- 9 || total
-------------------------+-------+-------+-------++-------
Melee: War axe           |   108 |    98 |    19 ||   225
 Abil: Spit Poison       |       |     2 |     1 ||     3
  Use: Potion            |       |     3 |       ||     3
Armor: Scale mail        |    51 |    27 |       ||    78
       Plate armour      |       |    24 |    12 ||    36
Dodge: Dodged            |    21 |    14 |     1 ||    36
Block: Kite shield       |    53 |    52 |    16 ||   121

Table legend: (Time is in decaauts)
 A = Elapsed time spent in this place.
 B = Non-inter-level travel time spent in this place.
 C = Inter-level travel time spent in this place.
 D = Time resting spent in this place.
 E = Time spent auto-exploring this place.
 F = Levels seen in this place.
 G = Mean time per level.
                   A        B        C        D        E       F      G
               +--------+--------+--------+--------+--------+-----+--------+
         Total |   6060 |   5829 |    231 |    288 |   4902 |   5 | 1212.0 |
       Dungeon |   6060 |   5829 |    231 |    288 |   4902 |   5 | 1212.0 |
               +--------+--------+--------+--------+--------+-----+--------+

Top non-repeatable levels by time:
     D:4: 1680 daAuts
     D:2: 1641 daAuts
     D:1: 1302 daAuts
     D:3: 1126 daAuts
     D:5: 309 daAuts
